 Dungeon Crawl Stone Soup version 0.17-a0-484-g0e03f6a (console) character file.

3161 Garrluk the Basher (level 9, -9/82 HPs)
             Began as an Ogre Warper on Apr 9, 2015.
             Was a Believer of Okawaru.
             Mangled by an orc warrior
             ... wielding a +0 great sword
              (25 damage)
             ... on level 8 of the Dungeon.
             The game lasted 00:25:54 (6936 turns).

Garrluk the Basher (Ogre Warper)                    Turns: 6936, Time: 00:25:55

Health: -9/82      AC:  6    Str: 20    XL:     9   Next: 94%
Magic:  20/20      EV:  7    Int: 15    God:    Okawaru [**....]
Gold:   290        SH:  9    Dex:  9    Spells: 3 memorised, 18 levels left

rFire  . . .     SeeInvis .     r - +4 mace
rCold  . . .     Clarity  .     b - +0 robe
rNeg   . . .     SustAb   .     y - +2 shield
rPois  .         Gourm    .     (helmet restricted)
rElec  .         Spirit   .     k - +1 cloak
rCorr  .         Warding  .     (gloves unavailable)
rMut   .         Stasis   .     (boots unavailable)
MR     .....                    m - amulet of regeneration (curse)
Stlth  +.........               A - +2 ring of strength
                                o - ring of flight

@: drained, not resistant to hostile enchantments, very unstealthy
A: unfitting armour, rugged brown scales 1, tough skin 1
a: Heroism, Renounce Religion, Evoke Flight


You were on level 8 of the Dungeon.
You worshipped Okawaru.
Okawaru was pleased with you.
You were not hungry.

You visited 1 branch of the dungeon, and saw 8 of its levels.

You collected 290 gold pieces.

Notes
Turn   | Place    | Note
--------------------------------------------------------------
     0 | D:1      | Garrluk, the Ogre Warper, began the quest for the Orb.
     0 | D:1      | Reached XP level 1. HP: 22/22 MP: 3/3
   148 | D:1      | Reached skill level 3 in Maces & Flails
   230 | D:1      | Reached XP level 2. HP: 11/29 MP: 5/5
  1117 | D:2      | Reached XP level 3. HP: 36/36 MP: 7/7
  1602 | D:2      | Reached skill level 4 in Maces & Flails
  1645 | D:2      | Learned a level 2 spell: Blink
  1661 | D:3      | Found a shimmering altar of Xom.
  1723 | D:3      | Reached XP level 4. HP: 26/44 MP: 9/9
  1992 | D:3      | Reached XP level 5. HP: 50/50 MP: 10/10
  2068 | D:3      | Found a basalt altar of Yredelemnul.
  2135 | D:3      | Reached skill level 5 in Maces & Flails
  2212 | D:3      | Found an ancient bone altar of Kikubaaqudgha.
  2541 | D:4      | Noticed Dowan
  2600 | D:4      | Noticed Duvessa
  2660 | D:4      | Learned a level 2 spell: Swiftness
  2768 | D:4      | Noticed an ogre
  2775 | D:4      | Killed an ogre
  2775 | D:4      | Reached XP level 6. HP: 59/59 MP: 10/12
  2953 | D:4      | Reached skill level 6 in Maces & Flails
  3231 | D:4      | Killed Duvessa
  3563 | D:4      | Killed Dowan
  3563 | D:4      | Reached skill level 7 in Maces & Flails
  3563 | D:4      | Reached XP level 7. HP: 40/66 MP: 13/13
  3628 | D:4      | Found a glowing silver altar of Zin.
  3789 | D:4      | Gained mutation: You are partially covered in rugged brown scales (AC +1, +3% HP). [potion of beneficial mutation]
  3851 | D:5      | Entered Level 5 of the Dungeon
  3901 | D:5      | Found a bloodstained altar of Trog.
  4020 | D:5      | Found a glowing golden altar of the Shining One.
  4244 | D:5      | Reached skill level 8 in Maces & Flails
  4413 | D:5      | Reached skill level 5 in Spellcasting
  4710 | D:6      | Noticed Menkaure
  4720 | D:6      | Killed Menkaure
  4720 | D:6      | Reached XP level 8. HP: 44/76 MP: 14/16
  4848 | D:6      | Found an iron altar of Okawaru.
  4849 | D:6      | Found a white marble altar of Elyvilon.
  4855 | D:6      | Became a worshipper of Warmaster Okawaru
  4974 | D:6      | Noticed Edmund
  4977 | D:6      | Killed Edmund
  4977 | D:6      | Reached skill level 9 in Maces & Flails
  4977 | D:6      | Reached skill level 5 in Throwing
  5056 | D:6      | Found a staircase to the Ecumenical Temple.
  5590 | D:7      | Acquired Okawaru's first power
  5592 | D:7      | Reached skill level 10 in Maces & Flails
  5707 | D:7      | Reached XP level 9. HP: 73/82 MP: 18/18
  5921 | D:7      | Noticed a two-headed ogre
  5924 | D:7      | Killed a two-headed ogre
  5924 | D:7      | Reached skill level 11 in Maces & Flails
  6272 | D:8      | Found a basalt altar of Yredelemnul.
  6541 | D:8      | Noticed Pikel
  6610 | D:7      | Killed Pikel
  6610 | D:7      | Reached skill level 12 in Maces & Flails
  6739 | D:8      | Noticed Blork the orc
  6764 | D:8      | Killed Blork the orc
  6936 | D:8      | Mangled by an orc warrior

Inventory:

Hand weapons
 a - a +0 giant spiked club
   (You took it off an ogre on level 7 of the Dungeon)
 r - a +4 mace (weapon)
   (You found it on level 1 of the Dungeon)
 u - a +1 whip of freezing
   (You took it off Pikel on level 7 of the Dungeon)
 D - a cursed +1 flail of draining
   (You took it off Edmund on level 6 of the Dungeon)
Missiles
 e - 5 tomahawks of dispersal
 h - 126 stones (quivered)
 q - 21 poisoned needles
 v - 2 tomahawks
 w - 3 large rocks
Armour
 b - a +0 robe (worn)
 k - a +1 cloak (worn)
   (You found it on level 1 of the Dungeon)
 y - a +2 shield (worn)
   (You took it off a gnoll sergeant on level 8 of the Dungeon)
Jewellery
 m - a cursed amulet of regeneration (around neck)
   (You took it off Duvessa on level 4 of the Dungeon)
 o - a ring of flight (left hand)
   (You found it on level 1 of the Dungeon)
 A - a +2 ring of strength (right hand)
   (You found it on level 5 of the Dungeon)
Magical devices
 j - a wand of disintegration (8)
   (You took it off Pikel on level 7 of the Dungeon)
 l - a wand of teleportation (9)
   (You took it off a kobold on level 3 of the Dungeon)
 E - a wand of teleportation (3)
   (You found it on level 7 of the Dungeon)
Scrolls
 d - 3 scrolls of blinking
 g - 3 scrolls of identify
 n - a scroll of fog
 F - a scroll of enchant weapon
 H - a scroll of remove curse
 I - a scroll of teleportation
Potions
 i - a potion of agility
 t - 3 potions of curing
 x - a potion of cancellation
 B - a potion of restore abilities
 C - a potion of flight
Books
 c - a book of Spatial Translocations

   Spells                             Type                      Level
   a - Apportation                    Translocation                1
   b - Blink                          Translocation                2
   c - Shroud of Golubria             Charms/Translocation         2
   d - Portal Projectile              Translocation                3
   e - Teleport Other                 Translocation                3
   f - Passage of Golubria            Translocation                4
 z - a book of Air
   (You found it on level 4 of the Dungeon)

   Spells                             Type                      Level
   a - Shock                          Conjuration/Air              1
   b - Swiftness                      Charms/Air                   2
   c - Repel Missiles                 Charms/Air                   2
   d - Flight                         Charms/Air                   3
   e - Static Discharge               Conjuration/Air              3
   f - Lightning Bolt                 Conjuration/Air              5
Comestibles
 f - 7 bread rations
 p - 2 chunks of flesh
 s - 2 meat rations

Table legend:
 A = Turns spent in this place as a percentage of turns spent in the entire game.
 B = Non-inter-level travel turns spent in this place as a percentage of non-inter-level travel turns spent in the entire game.
 C = Inter-level travel turns spent in this place as a percentage of turns spent in this place.
 D = Turns resting spent in this place as a percentage of non-inter-level travel turns spent in this place.
 E = Turns spent auto-exploring this place as a percentage of non-inter-level travel turns spent in this place.
 F = Non-inter-level travel turns spent in this place divided by the number of levels of this place that you've seen.
                   A       B       C       D       E      F
               +-------+-------+-------+-------+-------+----------------------
         Total | 100.0 | 100.0 |   0.8 |   2.2 |   7.9 | 279.5
       Dungeon | 100.0 | 100.0 |   0.8 |   2.2 |   7.9 | 279.5
               +-------+-------+-------+-------+-------+----------------------


   Skills:
 - Level 2.6(2.5) Fighting
 * Level 12.5(12.3) Maces & Flails
 - Level 7.3(7.1) Throwing
 - Level 2.1(1.9) Dodging
 * Level 0.3(0.1) Shields
 + Level 7.7(7.5) Spellcasting
 - Level 2.1(2.0) Translocations


You had 18 spell levels left.
You knew the following spells:

 Your Spells              Type           Power        Failure   Level  Hunger
a - Apportation           Tloc           ##........   41%         1    None
b - Blink                 Tloc           N/A          67%         2    None
c - Swiftness             Chrm/Air       #.......     97%         2    None


Dungeon Overview and Level Annotations

Branches:
Dungeon (8/15)             Temple (0/1) D:6
   Lair: D:8-11

Altars:
Elyvilon
Kikubaaqudgha
Okawaru
Trog
Xom
Yredelemnul
Zin
The Shining One


Innate Abilities, Weirdness & Mutations

You are too large for most types of armour.
You have tough skin (AC +1).
You are partially covered in rugged brown scales (AC +1, +3% HP).


Message History

The orc warrior is heavily wounded.
The orc warrior hits you with a great sword!!
You hit the orc warrior.
The orc warrior is severely wounded.
You block the orc warrior's attack.
You hit the orc warrior.
The orc warrior is severely wounded.
You hit the orc warrior.
The orc warrior is almost dead.
The orc warrior hits you with a great sword!
You closely miss the orc warrior.
The orc warrior is almost dead.
The orc warrior hits you with a great sword!!
* * * LOW HITPOINT WARNING * * *
You closely miss the orc warrior.
The orc warrior is almost dead.
You barely miss the orc warrior.
The orc warrior is almost dead.
The orc warrior hits you with a great sword!!
You die...

,,,,,,,,,*********+**,**,***+**,*
***+****,,,!..,,,*,**+**,***,**,*
,,,,+,,+,,....'..,,,,,,,,,,,,,,,+
********,,....#....,,,***+**+**+*
####*****+#......###....,,,,,,,,,
...+,,,*,,#......#^#......,,,....
...*,,,+,,+......###......,,,....
#.##+#****#......?.......,,,,....
#.##.#######............#+**+#...
..#...+....#....#.'.....#,*,,+...
..'...#....'[...@.#.g...+,+,,#...
..##.##.####...o#.#.....#+##+#...
..##.##[##....###.#..<...........
.........'....'...'..............
#'###'####....###.#..............
................#.#.....#+##+##..
................+.+.....+.b..bb..
................#+#.....####.##..
#'#########'###.....#+######b#...
..............#.....#...#..b.#...
...........[[.+.....+...'....+...


You could see an orc warrior.

Table legend:
 A = Kills in this place as a percentage of kills in entire the game.
 B = Kills by you in this place as a percentage of kills by you in the entire game.
 C = Kills by friends in this place as a percentage of kills by friends in the entire game.
 D = Other kills in this place as a percentage of other kills in the entire game.
 E = Experience gained in this place as a percentage of experience gained in the entire game.
 F = Experience gained in this place divided by the number of levels of this place that you have seen.
                   A       B       C       D       E      F
               +-------+-------+-------+-------+-------+----------------------
         Total | 100.0 | 100.0 |  -nan |  -nan | 100.0 | 564.5
       Dungeon | 100.0 | 100.0 |  -nan |  -nan | 100.0 | 564.5
               +-------+-------+-------+-------+-------+----------------------

Vanquished Creatures
  Monster Symbol All '5'
  4 crimson imps
  A quasit (D:7)
5 creatures vanquished. All '@' Edmund (D:6)
1 creature vanquished. All 'H' A hippogriff (D:7)
1 creature vanquished. All 'J' A jelly (D:7) 4 oozes
5 creatures vanquished. All 'K' Pikel (D:7) 12 kobolds
13 creatures vanquished. All 'M' Menkaure (D:6) A mummy (D:7)
2 creatures vanquished. All 'O' A two-headed ogre (D:7) 3 ogres
4 creatures vanquished. All 'S' 6 adders A ball python (D:1)
7 creatures vanquished. All 'W' A phantom (D:6)
1 creature vanquished. All 'Y' A sky beast (D:5)
1 creature vanquished. All 'Z' A giant frog skeleton (D:4) A giant frog zombie (D:7) A hound zombie (D:6) A hound skeleton (D:7) 2 adder skeletons A bat skeleton (D:4) A bat zombie (D:8) A giant gecko skeleton (D:5)
9 creatures vanquished. All 'a' 3 worker ants
3 creatures vanquished. All 'b' 8 bats
8 creatures vanquished. All 'c' A centaur (D:6)
1 creature vanquished. All 'e' Duvessa (D:4) Dowan (D:4)
2 creatures vanquished. All 'g' 3 gnoll sergeants 3 gnolls (D:7) 10 goblins 5 hobgoblins
21 creatures vanquished. All 'h' A black bear (D:7) 4 jackals (D:3)
5 creatures vanquished. All 'l' An iguana (D:8) 5 giant geckos 5 giant newts
11 creatures vanquished. All 'o' Blork the orc (D:8) 7 orc wizards An orc priest (D:4) 22 orcs
31 creatures vanquished. All 'p' 3 slaves (D:8)
3 creatures vanquished. All 'r' 2 quokkas 10 rats
12 creatures vanquished. All 's' 3 scorpions (D:7) 2 giant cockroaches
5 creatures vanquished. All 'w' A worm (D:3)
1 creature vanquished. All 'z' 4 wights
4 creatures vanquished.
156 creatures vanquished. Monster Nature Uniques Pikel (D:7) Menkaure (D:6) Edmund (D:6) Duvessa (D:4) Blork the orc (D:8) Dowan (D:4)
6 creatures vanquished. Natural Monsters A two-headed ogre (D:7) A hippogriff (D:7) A black bear (D:7) A sky beast (D:5) 3 slaves (D:8) 3 ogres A centaur (D:6) 3 gnoll sergeants 3 scorpions (D:7) 7 orc wizards An orc priest (D:4) A jelly (D:7) An iguana (D:8) 3 worker ants 3 gnolls (D:7) 6 adders A worm (D:3) 5 giant geckos 4 oozes 22 orcs A ball python (D:1) 8 bats 2 giant cockroaches 10 goblins 5 hobgoblins 4 jackals (D:3) 2 quokkas 5 giant newts 12 kobolds 10 rats
130 creatures vanquished. Undead Monsters A phantom (D:6) 4 wights A giant frog skeleton (D:4) A giant frog zombie (D:7) A hound zombie (D:6) A hound skeleton (D:7) A mummy (D:7) 2 adder skeletons A bat skeleton (D:4) A bat zombie (D:8) A giant gecko skeleton (D:5)
15 creatures vanquished. Demonic Monsters 4 crimson imps A quasit (D:7)
5 creatures vanquished.
156 creatures vanquished. Ascending Order Pikel (D:7) A two-headed ogre (D:7) A hippogriff (D:7) Menkaure (D:6) Edmund (D:6) Duvessa (D:4) A black bear (D:7) A sky beast (D:5) A centaur (D:6) A phantom (D:6) Blork the orc (D:8) Dowan (D:4) A giant frog skeleton (D:4) An orc priest (D:4) A giant frog zombie (D:7) A jelly (D:7) A quasit (D:7) An iguana (D:8) A hound zombie (D:6) A hound skeleton (D:7) A mummy (D:7) A worm (D:3) A ball python (D:1) A bat skeleton (D:4) A bat zombie (D:8) A giant gecko skeleton (D:5) 2 adder skeletons 2 quokkas 2 giant cockroaches 3 slaves (D:8) 3 ogres 3 gnoll sergeants 3 scorpions (D:7) 3 worker ants 3 gnolls (D:7) 4 wights 4 crimson imps 4 oozes 4 jackals (D:3) 5 giant geckos 5 hobgoblins 5 giant newts 6 adders 7 orc wizards 8 bats 10 goblins 10 rats 12 kobolds 22 orcs
156 creatures vanquished.

Action                   |  1- 3 |  4- 6 |  7- 9 || total
-------------------------+-------+-------+-------++-------
Melee: Mace              |    95 |    74 |   383 ||   552
       Giant club        |       |    32 |    20 ||    52
Throw: Stone             |    11 |       |     9 ||    20
       Tomahawk          |     2 |     6 |    12 ||    20
       Large rock        |       |     4 |    36 ||    40
Invok: Heroism           |       |       |     1 ||     1
  Use: Potion            |       |     7 |     4 ||    11
       Scroll            |       |     1 |    11 ||    12
 Stab: Invisible         |       |       |     1 ||     1
  Eat: Chunk             |     3 |     5 |    13 ||    21
       Beef jerky        |       |       |     1 ||     1
       Pizza             |       |       |     1 ||     1
